 Dungeon Crawl Stone Soup version 0.22.0-35-ge4bf2f5f59 (webtiles) character file.

401 Rrauwl the Chopper (level 6, -11/52 HPs)
             Began as a Hill Orc Fighter on Aug 23, 2018.
             Mangled by an ogre
             ... wielding a +0 giant club
              (20 damage)
             ... on level 5 of the Dungeon.
             The game lasted 00:06:22 (3210 turns).

Rrauwl the Chopper (Hill Orc Fighter)               Turns: 3210, Time: 00:06:22

Health: -11/52     AC:  9    Str: 21    XL:     6   Next: 85%
Magic:  15/15      EV:  8    Int:  8    God:
Gold:   48         SH: 10    Dex: 10    Spells: 5/5 levels left

rFire    . . .     SeeInvis .   a - +0 war axe
rCold    . . .     Gourm    .   c - +0 shield
rNeg     . . .     Faith    .   b - +0 scale mail
rPois    .         Spirit   .   m - +0 helmet
rElec    .         Reflect  .   r - +0 cloak
rCorr    .         Harm     .   (no gloves)
MR       .....                  (no boots)
Stlth    ..........             (no amulet)
HPRegen  0.17/turn              q - ring of magical power
MPRegen  0.14/turn              (no ring)

@: no status effects
A: no striking features
a: no special abilities


You were on level 5 of the Dungeon.
You were not hungry.

You visited 1 branch of the dungeon, and saw 6 of its levels.
You also visited: Ossuary.

You collected 152 gold pieces.
You spent 104 gold pieces at shops.

Inventory:

Hand Weapons
 a - a +0 war axe (weapon)
Armour
 b - a +0 scale mail (worn)
 c - a +0 shield (worn)
 m - a +0 helmet (worn)
 r - a +0 cloak (worn)
Jewellery
 q - a ring of magical power (left hand)
 u - an uncursed ring of resist corrosion {unknown}
Scrolls
 g - a scroll of enchant weapon {unknown}
 i - 6 scrolls of identify
 j - a scroll of fear {unknown}
 n - 4 scrolls of remove curse
 s - a scroll of blinking {unknown}
 t - 3 scrolls of teleportation
 w - 2 scrolls of fog {unknown}
 y - 2 scrolls of random uselessness {unknown}
 z - a scroll of holy word {unknown}
 C - a scroll of enchant armour {unknown}
Potions
 d - a potion of might
 e - a potion of cancellation {unknown}
 h - 8 potions of heal wounds {unknown}
 k - a potion of resistance {unknown}
 l - 2 potions of mutation {unknown}
 o - a potion of lignification {unknown}
 p - a potion of magic {unknown}
 v - 4 potions of ambrosia {unknown}
 x - a potion of flight {unknown}
 A - a potion of agility {unknown}
 B - 3 potions of curing
Comestibles
 f - 8 rations
 D - a chunk of flesh


   Skills:
 - Level 4.0 Fighting
 + Level 5.8 Axes
 - Level 4.0 Armour
 - Level 2.1 Dodging
 + Level 5.4 Shields


You had 5 spell levels left.
You didn't know any spells.
Your spell library was empty.

Dungeon Overview and Level Annotations

Branches:
Dungeon (6/15)
 Temple: D:4-7

Altars:

Shops:
D:4 ?


Message History

Your shield and scale mail prevent you from hitting the ogre.
The ogre is heavily wounded.
The ogre closely misses you.
You hit the ogre.
The ogre is heavily wounded.
You block the ogre's attack.
Your shield and scale mail prevent you from hitting the ogre.
The ogre is heavily wounded.
You block the ogre's attack.
You hit the ogre.
The ogre is severely wounded.
You block the ogre's attack.
You hit the ogre.
The ogre is almost dead.
The ogre hits you with a giant club.
* * * LOW HITPOINT WARNING * * *
You hit the ogre but do no damage.
The ogre is almost dead.
The ogre hits you with a giant club!!
You die...

...............######.#.##.#.#
#####...#......# #.#.##.#.#
#.)'##.....######.#.##'#..
#..##.##..#........#.#.....
#.##...##.##########.#...^. #.
##.##.............#..... ##
###..##########........
..#...O###...# #........
#......@(....###...##...
.+.................##### .
#...........##.........
#########...##.........
#...##..(......
######......... #.........
#..#...... #..#.###..


You could see an ogre.

Vanquished Creatures
  A howler monkey (D:5)
  A centaur zombie (Ossuary)
  A centaur skeleton (D:5)
  A hound (D:6)
  A worker ant (D:4)
  2 big kobold zombies (Ossuary)
  A hound skeleton (D:4)
  4 mummies (Ossuary)
  A gnoll (D:1)
  An adder (D:2)
  A worm (D:2)
  3 dart slugs
  3 leopard geckos (D:3)
  9 orcs (D:3)
  A ball python (D:2)
  3 giant cockroaches
  11 goblins
  5 hobgoblins
  20 jackals
  7 kobolds
  4 quokkas
  10 bats
  5 frilled lizards
  2 hobgoblin zombies (Ossuary)
  A leopard gecko skeleton (D:4)
  9 rats
108 creatures vanquished.

Notes
Turn   | Place    | Note
-------+----------+-------------------------------------------
     0 | D:1      | Rrauwl the Hill Orc Fighter began the quest for the Orb.
     0 | D:1      | Reached XP level 1. HP: 19/19 MP: 1/1
    71 | D:1      | Reached XP level 2. HP: 26/27 MP: 2/2
   293 | D:1      | Reached XP level 3. HP: 17/33 MP: 3/3
   910 | D:2      | Reached skill level 1 in Dodging
   910 | D:2      | Reached XP level 4. HP: 36/40 MP: 4/4
  1719 | D:3      | You fall through a shaft for 3 floors!
  1725 | D:6      | Reached XP level 5. HP: 37/46 MP: 5/5
  1762 | D:5      | Entered Level 5 of the Dungeon
  1808 | D:5      | Found a sand-covered staircase.
  1813 | Ossuary  | Entered an ossuary
  2107 | Ossuary  | Reached XP level 6. HP: 41/52 MP: 6/6
  2166 | Ossuary  | Reached skill level 5 in Axes
  2300 | D:5      | Reached skill level 5 in Shields
  2797 | D:4      | Found Niry's Magic Scroll Boutique.
  2810 | D:4      | Bought a scroll of identify for 26 gold pieces
  2810 | D:4      | Bought a scroll of teleportation for 39 gold pieces
  2810 | D:4      | Bought a scroll of remove curse for 39 gold pieces
  3210 | D:5      | Mangled by an ogre

Skill      XL: |  1  2  3  4  5  6 |
---------------+-------------------+-----
Axes           | 3 4 5 |  5.8
Fighting       | 4 |  4.0
Dodging        | 1 2 |  2.1
Armour         | 4 |  4.0
Shields        | 4 5 |  5.4

Action                   |  1- 3 |  4- 6 || total
-------------------------+-------+-------++-------
Melee: War axe           |    92 |   267 ||   359
  Eat: Chunk             |       |     8 ||     8
Armor: Scale mail        |    65 |   118 ||   183
Dodge: Dodged            |    42 |   108 ||   150
Block: Shield            |    62 |   153 ||   215
